 Dungeon Crawl Stone Soup version 0.25-a0-1113-g0499d652a8 (webtiles) character file.

Game seed: 11922597097204649095, levelgen mode: classic

7648 Amnesiac the Fighter (level 11, -5/178 HPs)
             Began as an Ogre Wizard on May 16, 2020.
             Was a Priest of Wu Jian.
             Killed from afar by a raiju (13 damage)
             ... with a living lightning
             ... on level 2 of the Abyss on May 17, 2020.
             The game lasted 00:32:56 (15316 turns).

Amnesiac the Fighter (Ogre Wizard)                 Turns: 15316, Time: 00:32:56

Health: -5/178     AC:  8    Str: 16    XL:     11   Next: 18%
Magic:  18/18      EV: 12    Int: 19    God:    Wu Jian [***...]
Gold:   3450       SH:  0    Dex: 13    Spells: 4/20 levels left

rFire    . . .     SeeInvis .   b - +3 trident (venom)
rCold    . . .     Gourm    .   (no shield)
rNeg     . . .     Faith    .   g - +0 robe
rPois    .         Spirit   .   s - +2 hat {MR+}
rElec    .         Reflect  .   G - +2 cloak
rCorr    .         Harm     .   (gloves unavailable)
MR       +++..                  (boots unavailable)
Stlth    ..........             x - amulet of magic regeneration
HPRegen  0.39/turn              j - ring of protection from magic
MPRegen  0.41/turn              q - +6 ring of dexterity

@: berserking (expiring), very slightly contaminated, very quick
A: large, unfitting armour, tough skin 1
a: Wall Jump, Serpent's Lash, Renounce Religion


You were on level 2 of the Abyss.
You worshipped Wu Jian.
Wu Jian was most pleased with you.
You were not hungry.

You visited 2 branches of the dungeon, and saw 11 of its levels.
You visited the Abyss 1 time.

You collected 3932 gold pieces.
You spent 482 gold pieces at shops.

Inventory:

Hand Weapons
 a - a +1 giant club
 b - a +3 trident of venom (weapon)
Missiles
 k - 445 stones
 C - a throwing net
 K - 25 poisoned darts (quivered)
Armour
 e - a +0 tower shield
 g - a +0 robe (worn)
 s - a +2 hat of magic resistance (worn)
 G - a +2 cloak (worn)
Jewellery
 j - a ring of protection from magic (left hand)
 q - a +6 ring of dexterity (right hand)
 x - an amulet of magic regeneration (around neck)
Wands
 E - a wand of acid (7)
 I - a wand of paralysis (9)
 L - a wand of iceblast (2)
 M - a wand of flame (12)
Scrolls
 c - 3 scrolls of remove curse {!r}
 f - a scroll of summoning {!r}
 h - 5 scrolls of magic mapping {!r}
 n - 3 scrolls of teleportation {!r}
 o - a scroll of enchant armour {!r}
 r - 2 scrolls of fog {!r}
 u - 2 scrolls of enchant weapon {!r}
 y - 2 scrolls of blinking {!r}
 z - 2 scrolls of fear {!r}
 A - 2 scrolls of amnesia {!r}
 H - a scroll of torment {!r}
Potions
 i - 3 potions of curing {!q}
 l - 2 potions of brilliance {!q}
 p - 2 potions of magic {!q}
 t - a potion of mutation {!q}
 v - 2 potions of flight {!q}
 w - a potion of ambrosia {!q}
 B - a potion of cancellation {!q}
 D - a potion of might {!q}
 F - 2 potions of stabbing {!q}
Miscellaneous
 J - a box of beasts
Comestibles
 d - 24 rations


   Skills:
 + Level 10.8 Fighting
 * Level 10.4 Maces & Flails
 - Level 5.0 Dodging
 - Level 2.0 Stealth
 - Level 5.0 Spellcasting
 - Level 5.0 Conjurations
 + Level 3.4 Hexes
 - Level 0.8 Summonings
 - Level 0.8 Translocations


You had 4 spell levels left.
You knew the following spells:

 Your Spells              Type           Power        Failure   Level  Hunger
a - Magic Dart            Conj           ###.         1%          1    None
b - Call Imp              Summ           #.......     13%         2    #......
c - Passwall              Tmut/Erth      #.......     19%         2    #......
e - Mephitic Cloud        Conj/Pois/Air  ##......     19%         3    ##.....
s - Conjure Flame         Conj/Fire      ##......     13%         3    ##.....
v - Blink                 Tloc           N/A          13%         2    #......
w - Tukima's Dance        Hex            ###.....     9%          3    ##.....

Your spell library contained the following spells:

 Spells                   Type           Power        Failure   Level  Hunger
 Corona                   Hex            ###....      3%          1    None
 Slow                     Hex            ###.....     4%          2    #......
 Dazzling Flash           Conj/Hex       ###...       7%          3    ##.....
 Confusing Touch          Hex            ###.....     9%          3    ##.....
 Ensorcelled Hibernation  Hex/Ice        ##....       10%         2    #......
 Beastly Appendage        Tmut           #.....       12%         1    None
 Sandblast                Erth           #.....       12%         1    None
 Stone Arrow              Conj/Erth      ##....       13%         3    ##.....
 Sticks to Snakes         Tmut           #.......     19%         2    #......
 Spider Form              Tmut/Pois      #.........   36%         3    ##.....
 Ice Form                 Ice/Tmut       #.......     77%         4    ####...
 Petrify                  Tmut/Erth      #.......     77%         4    ####...
 Blade Hands              Tmut           #.........   98%         5    ######.
 Lee's Rapid Deconstruct  Erth           #.........   98%         5    ######.


Dungeon Overview and Level Annotations

Branches:
Dungeon (10/15)            Temple (1/1) D:6
   Lair: D:8-11         Orc: D:9-12

Altars:
Ashenzari
Cheibriados
Dithmenos
Elyvilon
Fedhas
Gozag
Hepliaklqana
Kikubaaqudgha
Makhleb
Nemelex Xobeh
Okawaru
Qazlal
Ru
Sif Muna
Trog
Uskayaw
Vehumet
Wu Jian
Xom
Yredelemnul
Zin
The Shining One

Shops:
D:8 ?   D:9 =   D:10 =

Annotations:
D:4 3 runed translucent doors, coffeespoons's ghost, amateur MfMo
D:5 Grinder
D:6 3 runed translucent doors, Gwenloh's ghost, novice MfSk
D:9 1 runed translucent door, alja1234's ghost, novice VSIE
D:10 Joseph; Psyche
Abyss:1 Harold


Innate Abilities, Weirdness & Mutations

You are too large for most types of armour.
You have tough skin. (AC +1)


Message History

The spiny frog zombie closely misses you.
The raiju is engulfed in noxious fumes.
The raiju appears confused.
The raiju bites the raiju.
The raiju shocks the raiju.
The raiju completely resists.
The raiju is engulfed in noxious fumes. x2
Something bites the raiju!
Something shocks the raiju.
The raiju completely resists.
The fire bat bites you but does no damage.
The fire bat bites you but does no damage.
The fire bat bites you.
* * * LOW HITPOINT WARNING * * *
You are engulfed in flames.
* * * LOW HITPOINT WARNING * * *
The fire bat bites you.
* * * LOW HITPOINT WARNING * * *
You are engulfed in flames!
* * * LOW HITPOINT WARNING * * *
Really quaff
m - a bubbling amethyst potion {!q}?
It was a potion of berserk rage {!q}.
A red film seems to cover your vision as you go berserk!
You feel yourself moving faster!
You feel mighty! The fire bat bites you.
* * * LOW HITPOINT WARNING * * *
You are engulfed in flames.
* * * LOW HITPOINT WARNING * * *
A raiju comes into view.
The raiju barks!
You hit the fire bat.
The fire bat is lightly wounded.
You hear a roar!
The fire bat completely misses you.
You hear a trumpeting!
You completely miss the spiny frog zombie.
The spiny frog zombie is lightly damaged.
The spiny frog zombie misses you.
You barely miss the spiny frog zombie.
The spiny frog zombie is lightly damaged.
An ufetubus comes into view.
The spiny frog zombie hits you.
* * * LOW HITPOINT WARNING * * *
The ufetubus moves out of view.
You puncture the spiny frog zombie!
The spiny frog zombie is moderately damaged.
You barely miss the raiju. You impale the raiju!!
The raiju looks as sick as possible!
The raiju is heavily wounded.
You miss the raiju.
The raiju is severely wounded.
The raiju bites you but does no damage.
Unknown command.
Unknown command.
You barely miss the raiju.
The raiju is severely wounded.
The raiju bursts into living lightning!
The living lightning misses you. The living lightning hits you.
* * * LOW HITPOINT WARNING * * *
The raiju blinks! x3
Unknown command.
You puncture the raiju!
The raiju looks as sick as possible!
The raiju is almost dead.
A small abomination comes into view.
The raiju bursts into living lightning!
The living lightning hits the raiju.
The raiju completely resists.
The living lightning hits you!
You die...

#.#. ..h##...#.
b.. ....#......
.. #..h#..##
#..##...#.#...#
...... #Zx#. #
. # # .# h.# #.
#h## .##hh#
#@#(# #####


You could see 4 raiju and a small abomination.

Vanquished Creatures
  Gastronok (D:8)
  Pikel (D:7)
  Maurice (D:8)
  A human (D:8)
  A wyvern (D:10)
  4 hogs (D:8)
  An acid dragon (D:8)
  2 water moccasins
  3 orc warriors
  A black bear (D:10)
  A sky beast (D:4)
  2 slaves (D:7)
  A necrophage (D:7)
  4 ogres
  A phantom (D:7)
  4 centaurs
  4 bullfrogs
  3 gnoll sergeants (D:9)
  A scorpion (D:9)
  14 killer bees
  4 wights
  3 electric eels (D:8)
  A howler monkey (D:7)
  2 crimson imps
  A quasit (D:8)
  3 jellies
  7 orc priests
  3 gnoll shamans (D:9)
  7 hounds
  2 bullfrog skeletons
  A centaur skeleton (D:5)
  2 iguanas
  11 orc wizards
  Jessica (D:2)
  5 worker ants
  2 hound skeletons
  A worker ant zombie (D:6)
  8 gnolls (D:9)
  9 adders
  2 shadow imps
  An adder zombie (D:1)
  2 worms
  A dart slug (D:2)
  5 leopard geckos
  36 orcs
  3 giant cockroaches
  12 goblins
  17 hobgoblins
  10 jackals
  4 quokkas
  3 ball pythons
  9 bats
  4 frilled lizards
  A giant cockroach zombie (D:1)
  13 kobolds
  9 rats
256 creatures vanquished.

Vanquished Creatures (collateral kills)
  A necrophage (D:6)
  A killer bee (D:10)
  A worm (D:3)
3 creatures vanquished.

Vanquished Creatures (others)
  A slave (D:7)
  A killer bee (D:10)
  A howler monkey (D:7)
  A fungus (D:6)
  3 plants (D:6)
7 creatures vanquished.

Grand Total: 266 creatures vanquished

Notes
Turn   | Place    | Note
-------+----------+-------------------------------------------
     0 | D:1      | Amnesiac the Ogre Wizard began the quest for the Orb.
     0 | D:1      | Reached XP level 1. HP: 16/16 MP: 5/5
    20 | D:1      | Reached skill level 1 in Conjurations
   299 | D:1      | Reached XP level 2. HP: 24/26 MP: 3/6
   304 | D:1      | Learned a level 2 spell: Blink
   307 | D:1      | Learned a level 2 spell: Call Imp
   353 | D:1      | Reached skill level 1 in Fighting
   674 | D:1      | Reached XP level 3. HP: 33/33 MP: 6/8
   679 | D:1      | Learned a level 3 spell: Mephitic Cloud
  1202 | D:2      | Noticed Jessica
  1214 | D:2      | Killed Jessica
  1214 | D:2      | Reached skill level 1 in Maces & Flails
  1214 | D:2      | Reached XP level 4. HP: 41/41 MP: 0/10
  1340 | D:2      | Learned a level 3 spell: Conjure Flame
  2065 | D:3      | Reached XP level 5. HP: 48/48 MP: 4/11
  2166 | D:3      | Found a basalt altar of Yredelemnul.
  3137 | D:4      | Found a runed translucent gate.
  3137 | D:4      | Found a runed translucent gate.
  3137 | D:4      | Found a runed translucent gate.
  3137 | D:4      | Noticed coffeespoons's ghost (amateur MfMo)
  3358 | D:5      | Entered Level 5 of the Dungeon
  3849 | D:4      | Reached XP level 6. HP: 17/58 MP: 3/12
  4769 | D:5      | Noticed a sky beast
  4806 | D:4      | Killed a sky beast
  5394 | D:5      | Reached XP level 7. HP: 67/67 MP: 13/13
  5401 | D:5      | Learned a level 2 spell: Passwall
  6371 | D:6      | Reached skill level 5 in Spellcasting
  6386 | D:6      | Learned a level 3 spell: Tukima's Dance
  6460 | D:6      | Reached skill level 5 in Conjurations
  6460 | D:6      | Reached XP level 8. HP: 7/78 MP: 5/15
  6474 | D:6      | HP: 2/78 [worker ant zombie (3)]
  6734 | D:6      | Found a staircase to the Ecumenical Temple.
  6740 | Temple   | Entered the Ecumenical Temple
  7058 | D:6      | Noticed Grinder
  7161 | D:6      | Found a runed translucent gate.
  7161 | D:6      | Found a runed translucent gate.
  7161 | D:6      | Found a runed translucent gate.
  7163 | D:6      | Noticed Gwenloh's ghost (novice MfSk)
  7171 | D:6      | Noticed a kobold demonologist
  7572 | D:7      | HP: 2/74 [necrophage (7)]
  8035 | D:7      | Reached skill level 5 in Maces & Flails
  8245 | D:7      | Noticed Pikel
  8247 | D:7      | Reached skill level 5 in Fighting
  8266 | D:7      | Killed Pikel
  8266 | D:7      | Reached XP level 9. HP: 12/89 MP: 12/16
  8687 | D:6      | Identified a scroll of acquirement {!r}
  8927 | D:7      | Found a burning altar of Makhleb.
  8988 | D:8      | Found an ornate altar of the Wu Jian Council.
  8998 | D:8      | Became a worshipper of the Wu Jian Council
  9035 | D:8      | Found Lecsyrro's Magic Scroll Shoppe.
  9041 | D:8      | Bought a scroll of enchant armour for 82 gold pieces
  9041 | D:8      | Bought a scroll of fog for 22 gold pieces
  9041 | D:8      | Bought a scroll of summoning for 104 gold pieces
  9041 | D:8      | Bought a scroll of torment for 82 gold pieces
  9043 | D:8      | Bought a scroll of identify for 22 gold pieces
  9043 | D:8      | Bought a scroll of identify for 22 gold pieces
  9043 | D:8      | Bought a scroll of identify for 22 gold pieces
  9043 | D:8      | Bought a scroll of identify for 22 gold pieces
  9043 | D:8      | Bought 3 scrolls of identify for 66 gold pieces
  9059 | D:8      | Bought a scroll of magic mapping for 38 gold pieces
  9666 | D:8      | Found a sparkling altar of Nemelex Xobeh.
  9883 | D:8      | Noticed Maurice
  9905 | D:8      | Killed Maurice
  9934 | D:8      | Noticed Gastronok
  9953 | D:8      | Killed Gastronok
  9953 | D:8      | Reached skill level 5 in Dodging
  9953 | D:8      | Reached XP level 10. HP: 44/107 MP: 17/17
 10698 | D:8      | Found a hide-covered altar of Uskayaw.
 11410 | D:9      | Found a runed translucent door.
 11411 | D:9      | Noticed a frost giant
 11413 | D:9      | Noticed alja1234's ghost (novice VSIE)
 11415 | D:9      | Reached skill level 1 in Hexes
 11481 | D:9      | Reached * piety under Wu Jian
 11748 | D:9      | Found Ynesyobb's Jewellery Boutique.
 12215 | D:9      | Reached skill level 10 in Fighting
 12681 | D:9      | Reached ** piety under Wu Jian
 13369 | D:9      | Reached skill level 10 in Maces & Flails
 13787 | D:10     | Entered Level 10 of the Dungeon
 13796 | D:10     | Reached XP level 11. HP: 80/119 MP: 18/18
 14554 | D:10     | Found Roamem's Jewellery Shoppe.
 14578 | D:10     | Noticed Joseph
 14582 | D:10     | Noticed Harold
 14602 | D:10     | Noticed Psyche
 14602 | D:10     | Banished Harold
 15193 | D:10     | Reached *** piety under Wu Jian
 15207 | D:10     | Cast into level 2 of the Abyss (Joseph)
 15278 | Abyss:2  | Noticed a thrashing horror
 15315 | Abyss:2  | HP: 8/178 [raiju/living lightning (6)]
 15316 | Abyss:2  | Killed from afar by a raiju

Illustrated notes

Levels and vault maps discovered:
D:1:      saegor_arrival_fortress, layout_rooms
D:2:      layout_basic, kennysheep_jessica_study
D:3:      layout_loops_corners, yredelemnul_altar_generic, minivault_19
D:4:      layout_loops_ring, gammafunk_ghost_necromancy
D:5:      corexii_shack_village, layout_cave_pools, first_ration
D:6:      layout_rooms, minmay_temple_entry_slanted,
          gammafunk_ghost_nasty_kobolds, uniq_grinder
D:7:      layout_rooms, makhleb_blood_cavern_becter, uniq_pikel
D:8:      layout_loops_corners, nicolae_overflow_crystal_walls,
          lemuel_coloured_pillars_altar, lemuel_crystal_altar, serial_shops,
          nicolae_shop_trees, grunt_livestock, kennysheep_island_fort,
          uniq_maurice, uniq_gastronok
D:9:      kennysheep_housing_project, layout_cave_pools, serial_shops, shop,
          ebering_ghost_inner_flame, kennysheep_generic_room_11
D:10:     layout_loops_ring, serial_shops, shop, uniq_joseph, uniq_psyche,
          uniq_harold
Temple:   eino_narrow_crystal_temple
Abyss:2:  base: D:2, hangedman_abyss_or_decor_lesser_grid,
          hangedman_abyss_or_decor_lesser_grid, minivault_27

Skill      XL: |  1  2  3  4  5  6  7  8  9 10 11 |
---------------+----------------------------------+-----
Conjurations   | 1 2 3 4 5 |  5.0
Fighting       | 1 2 3 4 6 9 10 | 10.8
Spellcasting   | 4 5 |  5.0
Maces & Flails | 1 2 3 4 6 9 10 | 10.4
Stealth        | 2 |  2.0
Dodging        | 3 5 |  5.0
Hexes          | 2 3 |  3.4
Summonings     | |  0.8
Translocations | |  0.8

Action                   |  1- 3 |  4- 6 |  7- 9 | 10-12 || total
-------------------------+-------+-------+-------+-------++-------
Melee: Unarmed           |    41 |       |       |       ||    41
       Club              |     1 |    42 |       |       ||    43
       Whip              |       |    69 |       |       ||    69
       Mace              |       |    29 |       |       ||    29
       Trident           |       |     9 |    32 |    10 ||    51
       Giant spiked club |       |       |   147 |   179 ||   326
       Giant club        |       |       |       |    92 ||    92
Throw: Stone             |       |    17 |     3 |       ||    20
       Boomerang         |       |    41 |   110 |       ||   151
       Dart              |       |       |    21 |     2 ||    23
 Cast: Magic Dart        |    72 |   111 |    17 |    21 ||   221
       Call Imp          |       |     5 |     6 |     6 ||    17
       Mephitic Cloud    |       |     5 |    18 |    36 ||    59
       Blink             |       |     1 |     1 |     6 ||     8
       Conjure Flame     |       |     1 |     1 |       ||     2
Invok: Lunge             |       |       |     2 |    17 ||    19
       Whirlwind         |       |       |       |     9 ||     9
Evoke: Wand              |       |       |       |     2 ||     2
  Use: Scroll            |       |     3 |    16 |     5 ||    24
       Potion            |       |       |     3 |     2 ||     5
 Stab: Confused          |       |     5 |     5 |    10 ||    20
       Sleeping          |       |       |       |     4 ||     4
       Paralysed         |       |       |       |     2 ||     2
  Eat: Chunk             |     1 |    13 |     9 |    13 ||    36
       Ration            |       |       |     2 |     2 ||     4
Armor: Robe              |    32 |    46 |    39 |    78 ||   195
Dodge: Dodged            |    34 |   118 |   107 |   232 ||   491

Table legend:
 A = Non-vault XP
 B = Vault XP
 C = Vault XP percentage of total XP
 D = Non-vault monster count
 E = Vault monster count
 F = Vault count percentage of total count
                 A         B        C        D         E       F
            +---------+---------+-------+---------+---------+-------
      Total |    5233 |    5694 |  52.1 |     202 |      57 |  22.0
            +---------+---------+-------+---------+---------+-------
        D:1 |      36 |       6 |  14.3 |      23 |       2 |   8.0
        D:2 |      41 |      39 |  48.8 |      16 |       2 |  11.1
        D:3 |      72 |       0 |   0.0 |      23 |       0 |   0.0
        D:4 |     301 |       0 |   0.0 |      18 |       0 |   0.0
        D:5 |     350 |      16 |   4.4 |      14 |       7 |  33.3
        D:6 |     463 |      71 |  13.3 |      17 |       1 |   5.6
        D:7 |     414 |     659 |  61.4 |      18 |       2 |  10.0
        D:8 |     800 |    3852 |  82.8 |      16 |      10 |  38.5
        D:9 |     835 |    1045 |  55.6 |      16 |      32 |  66.7
       D:10 |    1921 |       6 |   0.3 |      41 |       1 |   2.4
            +---------+---------+-------+---------+---------+-------
